 Dungeon Crawl Stone Soup version 0.14-a0-1761-gdbd231b (webtiles) character file.

256 HollowCharge the Cutter (level 5, -2/36 HPs)
             Began as a High Elf Warper on Jan 4, 2014.
             Slain by an adder (3 damage)
             ... on Level 3 of the Dungeon.
             The game lasted 00:22:07 (5248 turns).

HollowCharge the Cutter (High Elf Warper)           Turns: 5248, Time: 00:22:15

HP  -2/36        AC  3     Str 10      XL: 5   Next: 33%
MP  12/12        EV 12     Int 21      God:
Gold 76          SH  0     Dex 16      Spells:  2 memorised,  4 levels left

rFire  . . .     SeeInvis .     v - +0,+1 dagger (flame)
rCold  . . .     Clarity  .     b - +0 elf leather armour
rNeg   . . .     Conserve .     (no shield)
rPois  .         rCorr    .     (no helmet)
rElec  .         rRot     .     (no cloak)
SustAb . .       Spirit   .     (no gloves)
rMut   .         Warding  .     (no boots)
Saprov . . .     Stasis   .     (no amulet)
                                (no ring)
                                (no ring)

@: brilliant, mildly poisoned, very slightly contaminated, slightly resistant to
hostile enchantments, fairly stealthy
A: no striking features
a: no special abilities


You were on level 3 of the Dungeon.
You were very hungry.

You visited 1 branch of the dungeon, and saw 3 of its levels.

You collected 76 gold pieces.

Inventory:

Hand weapons
 a - a +0,+0 elven short sword
 v - a +0,+1 dagger of flaming (weapon)
Missiles
 e - 15 darts (quivered)
 f - 10 darts of dispersal
Armour
 b - a +0 elven leather armour (worn)
Comestibles
 g - 3 bread rations
 j - a rotting chunk of adder flesh
 l - a pear
 n - an apple
Scrolls
 k - a scroll of identify {unknown}
 m - a scroll of magic mapping {unknown}
 q - 2 scrolls of teleportation {unknown}
Potions
 i - a potion of beneficial mutation {unknown}
 o - a potion of cure mutation {unknown}
 p - a potion of speed {unknown}
 r - a potion of magic {unknown}
Books
 c - a book of Spatial Translocations

   Spells                             Type                      Level
   Apportation                        Translocation                1
   Portal Projectile                  Translocation                2
   *Blink                             Translocation                2
   *Shroud of Golubria                Charms/Translocation         2
   Teleport Other                     Translocation                3
   Passage of Golubria                Translocation                4
 t - a book of Unlife

   Spells                             Type                      Level
   Recall                             Summoning/Translocation      3
   Animate Dead                       Necromancy                   4
   Control Undead                     Necromancy                   4
   Twisted Resurrection               Necromancy                   5
   Death Channel                      Necromancy                   6
   Simulacrum                         Ice/Necromancy               6


   Skills:
 * Level 3.5 Fighting
 * Level 3.9 Short Blades
 - Level 1.1 Throwing
 + Level 1.9 Armour
 + Level 3.1 Dodging
 + Level 2.0 Stealth
 - Level 2.4 Spellcasting
 - Level 3.2 Translocations


You had 4 spell levels left.
You knew the following spells:

 Your Spells              Type           Power        Failure   Level  Hunger
b - Blink                 Tloc           N/A          1%          2    ##.....
c - Shroud of Golubria    Chrm/Tloc      ###.......   1%          2    ##.....


Dungeon Overview and Level Annotations

Branches:
Dungeon (3/16)

Altars:
Nemelex Xobeh


Message History

As you read the scroll of blinking, it crumbles to dust.
You are very lightly contaminated with residual magic.
There is an escape hatch in the ceiling here.
* * * LOW HITPOINT WARNING * * *
You feel sick.
* * * LOW HITPOINT WARNING * * *
You feel sick.
* * * LOW HITPOINT WARNING * * *
You feel sick.
* * * LOW HITPOINT WARNING * * *
You feel sick.
* * * LOW HITPOINT WARNING * * *
You feel sick.
You feel clever all of a sudden.
It was a potion of brilliance.
* * * LOW HITPOINT WARNING * * *
You feel sick.
You feel a little better. The adder bites you.
You die...

##############################
#.............................
#.#######...S@............).##
#.# #..########..#####..# #.#
#..# #..# #..#
#.#######..########..#####..##
#.........<...................
#.########..#######...........
#.# #..# #.........## #.# #..#
#...####..# #.# #o.# #...#
#..#


You could see an adder.

Vanquished Creatures
  Ijyb (D:2)
  3 adders
  5 worms
  2 giant geckos
  3 oozes
  9 orcs (D:3)
  16 bats
  2 giant cockroaches (D:2)
  13 goblins
  9 hobgoblins
  4 jackals (D:3)
  3 quokkas (D:2)
  2 ball pythons (D:1)
  5 giant newts
  6 kobolds
  10 rats
93 creatures vanquished.

Notes
Turn   | Place    | Note
--------------------------------------------------------------
     0 | D:1      | HollowCharge, the High Elf Warper, began the quest for the Orb.
     0 | D:1      | Reached XP level 1. HP: 14/14 MP: 4/4
    12 | D:1      | Reached skill level 1 in Armour
   466 | D:1      | Reached XP level 2. HP: 4/19 MP: 6/6
  1403 | D:1      | Reached XP level 3. HP: 18/25 MP: 8/8
  1902 | D:1      | Learned a level 2 spell: Blink
  1905 | D:1      | Learned a level 2 spell: Shroud of Golubria
  2007 | D:2      | Reached skill level 1 in Stealth
  2706 | D:2      | Reached XP level 4. HP: 19/30 MP: 11/11
  3102 | D:2      | Noticed Ijyb
  3141 | D:2      | Killed Ijyb
  3590 | D:3      | Found a sparkling altar of Nemelex Xobeh.
  3733 | D:3      | Paralysed by a potion of paralysis for 6 turns
  3753 | D:3      | Paralysed by a potion of paralysis for 4 turns
  4389 | D:3      | Reached XP level 5. HP: 36/36 MP: 12/12
  5248 | D:3      | HP: 1/36 [poisoned by an adder]
  5248 | D:3      | Slain by an adder

Action                   |  1- 3 |  4- 6 || total
-------------------------+-------+-------++-------
Melee: Short sword       |   197 |       ||   197
       Dagger            |    23 |   239 ||   262
 Cast: Blink             |     3 |     3 ||     6
       Shroud of Golubri |     1 |     1 ||     2
  Use: Scroll            |     7 |     1 ||     8
       Potion            |       |     2 ||     2
